| TOP OF THE 1ST |
|
Greensboro Grasshoppers batting - Pitching for Great Lakes Loons : RHP Alexis Priego
|
|
Pitching: RHP Alexis Priego
|
|
|
Batting: RHB Harrie de Kam
|
0-0: Ball 1-0: Called Strike 1-1: Swinging Strike 1-2: Strikes out swinging
|
|
Batting: RHB Erik Coleman
|
0-0: Swinging Strike 0-1: Foul Ball, location: 2F 0-2: Ball 1-2: Ball 2-2: Ball 3-2: Ground out 6-3 (Groundball, 6MS, EV 83.8 MPH)
|
|
Batting: LHB Angelo Estrella
|
0-0: Swinging Strike 0-1: Ball 1-1: Foul Ball, location: 2F 1-2: Ball 2-2: Ball 3-2: SINGLE (Groundball, 4MD, EV 109.4 MPH)
|
|
Batting: RHB Miguel Velasco
|
0-0: Ball 1-0: Fly out, F8 (Line Drive, 8LM, EV 86.2 MPH)
|
| Top of the 1st over - 0 runs, 1 hit, 0 errors, 1 left on base; Greensboro 0 - Great Lakes 0 |
| BOTTOM OF THE 1ST |
|
Great Lakes Loons batting - Pitching for Greensboro Grasshoppers : RHP Jorge Lopez
|
|
Pitching: RHP Jorge Lopez
|
|
|
Batting: LHB Jay Fenderson
|
0-0: Called Strike 0-1: Ball 1-1: Ball 2-1: Swinging Strike 2-2: Ground out 5-3 (Groundball, 56, EV 76.9 MPH)
|
|
Batting: LHB Enrique Andrade
|
0-0: Called Strike 0-1: Ball 1-1: Foul Ball, location: 2F 1-2: DOUBLE (Groundball, 3L, EV 94.4 MPH)
|
|
Batting: SHB Todd Hewitt
|
0-0: Ball 1-0: Ball 2-0: Ball 3-0: Called Strike 3-1: Foul Ball, location: 2F 3-2: Foul Ball, location: 2F 3-2: Foul Ball, location: 2F 3-2: DOUBLE (Groundball, 5L, EV 98.1 MPH) Enrique Andrade scores
|
|
Batting: LHB Kevin Wiebe
|
0-0: Ball 1-0: Ball Todd Hewitt steals 3rd base 2-0: Foul Ball, location: 2F 2-1: Ball 3-1: Base on Balls
|
|
Batting: RHB Blake Beale
|
0-0: Ball 1-0: Reached on error, E5 (Groundball, 56, EV 89.4 MPH) Todd Hewitt scores Kevin Wiebe to second
|
|
Batting: RHB Devon Fourcade
|
0-0: Ball 1-0: Called Strike 1-1: Ball 2-1: Grounds into double play, 6-4-3 (Groundball, 6, EV 88.1 MPH)
|
| Bottom of the 1st over - 2 runs, 2 hits, 1 error, 1 left on base; Greensboro 0 - Great Lakes 2 |
| TOP OF THE 2ND |
|
Greensboro Grasshoppers batting - Pitching for Great Lakes Loons : RHP Alexis Priego
|
|
Batting: LHB Ryan Thompson
|
0-0: Ball 1-0: Ball 2-0: Ball 3-0: Called Strike 3-1: Base on Balls
|
|
Batting: RHB Jason Thrash
|
0-0: Foul Ball, location: 2F 0-1: Ball 1-1: Ball Wild Pitch! Ryan Thompson to second 2-1: Swinging Strike Balk! Ryan Thompson to third 2-2: Strikes out looking
|
|
Batting: RHB J.D. Vander Klok
|
0-0: Swinging Strike 0-1: Swinging Strike 0-2: SINGLE (Groundball, 6S, EV 61.9 MPH) (infield hit) Ryan Thompson scores
|
|
Batting: RHB Hiromitsu Yamada
|
0-0: Ball 1-0: Ball 2-0: Called Strike 2-1: Fly out, F9 (Flyball, 9S, EV 85.0 MPH)
|
|
Batting: RHB Jeremy Dennis
|
0-0: Foul Ball, location: 2F 0-1: Ball 1-1: Ball 2-1: Foul Ball, location: 2F 2-2: Ground out 5-3 (Groundball, 5S, EV 86.2 MPH)
|
| Top of the 2nd over - 1 run, 1 hit, 0 errors, 1 left on base; Greensboro 1 - Great Lakes 2 |
| BOTTOM OF THE 2ND |
|
Great Lakes Loons batting - Pitching for Greensboro Grasshoppers : RHP Jorge Lopez
|
|
Batting: RHB Roger Simmons
|
0-0: Ball 1-0: Swinging Strike 1-1: SINGLE (Groundball, 56D, EV 101.9 MPH)
|
|
Batting: RHB Trevor Conklin
|
0-0: Ball 1-0: Ball 2-0: Called Strike 2-1: Ball 3-1: Fielders Choice at 2nd, 6-4 (Groundball, 6, EV 85.6 MPH)
|
|
Batting: RHB Roberto Monzon
|
0-0: Foul Ball, location: 2F 0-1: Ball 1-1: Foul Ball, location: 2F 1-2: Fielders Choice at 2nd, 6-4 (Groundball, 6, EV 84.4 MPH)
|
|
Batting: LHB Jay Fenderson
|
0-0: Called Strike Roberto Monzon steals 2nd base (no throw) 0-1: Ground out 5-3 (Groundball, 5, EV 86.2 MPH)
|
| Bottom of the 2nd over - 0 runs, 1 hit, 0 errors, 1 left on base; Greensboro 1 - Great Lakes 2 |
| TOP OF THE 3RD |
|
Greensboro Grasshoppers batting - Pitching for Great Lakes Loons : RHP Alexis Priego
|
|
Batting: RHB Harrie de Kam
|
0-0: Ball 1-0: Swinging Strike 1-1: Swinging Strike 1-2: Ball 2-2: Ball 3-2: Strikes out swinging
|
|
Batting: RHB Erik Coleman
|
0-0: Fly out, F2 (Popup, 2LF, EV 83.8 MPH)
|
|
Batting: LHB Angelo Estrella
|
0-0: Swinging Strike 0-1: Ball 1-1: Swinging Strike 1-2: Strikes out swinging
|
| Top of the 3rd over - 0 runs, 0 hits, 0 errors, 0 left on base; Greensboro 1 - Great Lakes 2 |
| BOTTOM OF THE 3RD |
|
Great Lakes Loons batting - Pitching for Greensboro Grasshoppers : RHP Jorge Lopez
|
|
Batting: LHB Enrique Andrade
|
0-0: Ball 1-0: Fly out, F8 (Flyball, 8LD, EV 105.6 MPH)
|
|
Batting: SHB Todd Hewitt
|
0-0: Ball 1-0: Ball 2-0: Ball 3-0: Called Strike 3-1: Foul Ball, location: 2F 3-2: SINGLE (Line Drive, 5D, EV 101.2 MPH)
|
|
Batting: LHB Kevin Wiebe
|
0-0: Called Strike 0-1: Ball 1-1: Called Strike 1-2: Ball 2-2: Ball 3-2: Foul Ball, location: 2F 3-2: Base on Balls Todd Hewitt to second
|
|
Batting: RHB Blake Beale
|
0-0: Foul Ball, location: 2F 0-1: Called Strike 0-2: Ball 1-2: Fly out, F9 (Flyball, 89M, EV 88.8 MPH)
|
|
Batting: RHB Devon Fourcade
|
0-0: Ball 1-0: Fielders Choice at 2nd, 6-4 (Groundball, 6, EV 108.1 MPH)
|
| Bottom of the 3rd over - 0 runs, 1 hit, 0 errors, 2 left on base; Greensboro 1 - Great Lakes 2 |
| TOP OF THE 4TH |
|
Greensboro Grasshoppers batting - Pitching for Great Lakes Loons : RHP Alexis Priego
|
|
Batting: RHB Miguel Velasco
|
0-0: Ball 1-0: Ball 2-0: SINGLE (Line Drive, 9LS, EV 89.4 MPH)
|
|
Batting: LHB Ryan Thompson
|
0-0: Ball 1-0: Foul Ball, location: 2F 1-1: Foul Ball, location: 2F 1-2: Ball 2-2: Strikes out looking
|
|
Batting: RHB Jason Thrash
|
0-0: Called Strike 0-1: Ball 1-1: Swinging Strike 1-2: Grounds into double play, 4-6-3 (Groundball, 4, EV 99.4 MPH)
|
| Top of the 4th over - 0 runs, 1 hit, 0 errors, 0 left on base; Greensboro 1 - Great Lakes 2 |
| BOTTOM OF THE 4TH |
|
Great Lakes Loons batting - Pitching for Greensboro Grasshoppers : RHP Jorge Lopez
|
|
Batting: RHB Roger Simmons
|
0-0: Foul Ball, location: 2F 0-1: Foul Ball, location: 2F 0-2: Foul Ball, location: 2F 0-2: Fly out, F8 (Line Drive, 8LM, EV 109.4 MPH)
|
|
Batting: RHB Trevor Conklin
|
0-0: Called Strike 0-1: Ball 1-1: Ball 2-1: SINGLE (Groundball, 6MD, EV 99.4 MPH)
|
|
Batting: RHB Roberto Monzon
|
0-0: Called Strike 0-1: Ball 1-1: Ball 2-1: Swinging Strike 2-2: Ball 3-2: Foul Ball, location: 2F 3-2: Fly out, F8 (Flyball, 8RM, EV 93.8 MPH)
|
|
Batting: LHB Jay Fenderson
|
0-0: Ball 1-0: Called Strike 1-1: Called Strike 1-2: SINGLE (Groundball, 34D, EV 105.0 MPH) Trevor Conklin to second Runner from 2nd tries for 3rd, SAFE, no throw by RF
|
|
Pitching: RHP Matt Alexander
|
|
|
Batting: LHB Enrique Andrade
|
0-0: Foul Ball, location: 2F 0-1: Foul Ball, location: 2F 0-2: Foul Ball, location: 2F 0-2: Ball 1-2: Ball 2-2: Strikes out looking
|
| Bottom of the 4th over - 0 runs, 2 hits, 0 errors, 2 left on base; Greensboro 1 - Great Lakes 2 |
| TOP OF THE 5TH |
|
Greensboro Grasshoppers batting - Pitching for Great Lakes Loons : RHP Alexis Priego
|
|
Batting: RHB J.D. Vander Klok
|
0-0: Ball 1-0: Swinging Strike 1-1: Ball 2-1: Ball 3-1: Ground out 5-3 (Groundball, 56S, EV 83.8 MPH)
|
|
Batting: RHB Hiromitsu Yamada
|
0-0: Foul Ball, location: 2F 0-1: Fly out, F8 (Flyball, 8LD, EV 95.0 MPH)
|
|
Batting: RHB Jeremy Dennis
|
0-0: Ball 1-0: Called Strike 1-1: Ball 2-1: Ball 3-1: Ground out 4-3 (Groundball, 4MD, EV 91.9 MPH)
|
| Top of the 5th over - 0 runs, 0 hits, 0 errors, 0 left on base; Greensboro 1 - Great Lakes 2 |
| BOTTOM OF THE 5TH |
|
Great Lakes Loons batting - Pitching for Greensboro Grasshoppers : RHP Matt Alexander
|
|
Batting: SHB Todd Hewitt
|
0-0: Called Strike 0-1: Hit by Pitch
|
|
Batting: LHB Kevin Wiebe
|
0-0: Ball 1-0: Ball 2-0: Ball 3-0: Called Strike 3-1: Base on Balls Todd Hewitt to second
|
|
Batting: RHB Blake Beale
|
0-0: Ball Passed Ball! Todd Hewitt to third Kevin Wiebe to second 1-0: Called Strike 1-1: Foul Ball, location: 2F 1-2: Foul Ball, location: 2F 1-2: Foul Ball, location: 2F 1-2: Ball 2-2: Fly out, F3 (Popup, 3L, EV 62.5 MPH)
|
|
Batting: RHB Devon Fourcade
|
0-0: Ball 1-0: Foul Ball, location: 2F 1-1: 3-RUN HOME RUN (Flyball, 7D, EV 99.4 MPH), Distance : 359 ft
|
|
Pitching: RHP Wei-guo Tsu
|
|
|
Batting: RHB Roger Simmons
|
0-0: Called Strike 0-1: Ball 1-1: Called Strike 1-2: Ball 2-2: Ground out 5-3 (Groundball, 56S, EV 93.1 MPH)
|
|
Batting: RHB Trevor Conklin
|
0-0: Ball 1-0: Ball 2-0: Ground out 6-3 (Groundball, 6M, EV 106.2 MPH)
|
| Bottom of the 5th over - 3 runs, 1 hit, 0 errors, 0 left on base; Greensboro 1 - Great Lakes 5 |
| TOP OF THE 6TH |
|
Greensboro Grasshoppers batting - Pitching for Great Lakes Loons : RHP Alexis Priego
|
|
Batting: RHB Harrie de Kam
|
0-0: Ground out 5-3 (Groundball, 5, EV 81.9 MPH)
|
|
Batting: RHB Erik Coleman
|
0-0: SINGLE (Groundball, 56D, EV 96.2 MPH)
|
|
Batting: LHB Angelo Estrella
|
0-0: Called Strike 0-1: Ball 1-1: Ball 2-1: Called Strike 2-2: Fly out, F7 (Flyball, 78M, EV 89.4 MPH)
|
|
Batting: RHB Miguel Velasco
|
0-0: Ground out 4-3 (Groundball, 4, EV 85.0 MPH)
|
| Top of the 6th over - 0 runs, 1 hit, 0 errors, 1 left on base; Greensboro 1 - Great Lakes 5 |
| BOTTOM OF THE 6TH |
|
Great Lakes Loons batting - Pitching for Greensboro Grasshoppers : RHP Wei-guo Tsu
|
|
Batting: RHB Roberto Monzon
|
0-0: Fly out, F9 (Line Drive, 9, EV 90.0 MPH)
|
|
Batting: LHB Jay Fenderson
|
0-0: Ball 1-0: Foul Ball, location: 2F 1-1: Ball 2-1: Foul Ball, location: 2F 2-2: Ball 3-2: Base on Balls
|
|
Batting: LHB Enrique Andrade
|
0-0: Called Strike 0-1: Foul Ball, location: 2F 0-2: Strikes out swinging
|
|
Batting: SHB Todd Hewitt
|
0-0: Ball 1-0: Called Strike 1-1: Swinging Strike 1-2: SINGLE (Line Drive, 56D, EV 98.8 MPH) Jay Fenderson to second Runner from 2nd tries for 3rd, OUT! 7-5
|
| Bottom of the 6th over - 0 runs, 1 hit, 0 errors, 1 left on base; Greensboro 1 - Great Lakes 5 |
| TOP OF THE 7TH |
|
Greensboro Grasshoppers batting - Pitching for Great Lakes Loons : RHP Alexis Priego
|
|
Now in LF: Enrique Andrade
|
|
|
Now in RF: Stephen Van Raalte
|
|
|
Batting: LHB Ryan Thompson
|
0-0: Ball 1-0: SINGLE (Groundball, 34D, EV 98.1 MPH)
|
|
Batting: RHB Jason Thrash
|
0-0: Ball 1-0: Ball 2-0: Ball 3-0: Base on Balls Ryan Thompson to second
|
|
Batting: RHB J.D. Vander Klok
|
0-0: Called Strike 0-1: Ball 1-1: Ball 2-1: Ground out 6-3 (Groundball, 6D, EV 102.5 MPH) Ryan Thompson to third Jason Thrash to second
|
|
Batting: RHB Hiromitsu Yamada
|
0-0: Ball 1-0: Swinging Strike 1-1: Ball 2-1: Foul Ball, location: 2F 2-2: Foul Ball, location: 2F 2-2: Strikes out swinging
|
|
Batting: RHB Jeremy Dennis
|
0-0: Swinging Strike 0-1: Ball 1-1: Foul Ball, location: 2F 1-2: Foul Ball, location: 2F 1-2: Ball 2-2: Strikes out looking
|
| Top of the 7th over - 0 runs, 1 hit, 0 errors, 2 left on base; Greensboro 1 - Great Lakes 5 |
| BOTTOM OF THE 7TH |
|
Great Lakes Loons batting - Pitching for Greensboro Grasshoppers : RHP Wei-guo Tsu
|
|
Pitching: LHP Melvin Castro
|
|
|
Batting: RHB Steven Romanovsky
|
0-0: Swinging Strike 0-1: Ball 1-1: Fly out, F8 (Flyball, 89M, EV 77.5 MPH)
|
|
Batting: LHB Stephen Van Raalte
|
0-0: Called Strike 0-1: Ball 1-1: Foul Ball, location: 2F 1-2: Ball 2-2: Foul Ball, location: 2F 2-2: Fly out, F8 (Flyball, 8LM, EV 94.4 MPH)
|
|
Batting: RHB Devon Fourcade
|
0-0: Ball 1-0: Ball 2-0: Ball 3-0: Called Strike 3-1: Base on Balls
|
|
Batting: RHB Roger Simmons
|
0-0: Ball 1-0: Called Strike 1-1: SINGLE (Groundball, 4M, EV 110.0 MPH) Devon Fourcade to second
|
|
Batting: RHB Trevor Conklin
|
0-0: Ball 1-0: Ground out 1-3 (Groundball, 13S, EV 63.1 MPH)
|
| Bottom of the 7th over - 0 runs, 1 hit, 0 errors, 2 left on base; Greensboro 1 - Great Lakes 5 |
| TOP OF THE 8TH |
|
Greensboro Grasshoppers batting - Pitching for Great Lakes Loons : RHP Alexis Priego
|
|
Pitching: RHP Adam Bucci
|
|
|
Batting: RHB Harrie de Kam
|
0-0: Called Strike 0-1: Ball 1-1: Called Strike 1-2: Strikes out looking
|
|
Batting: RHB Erik Coleman
|
0-0: Fly out, F8 (Flyball, 89D, EV 102.5 MPH)
|
|
Batting: LHB Angelo Estrella
|
0-0: Swinging Strike 0-1: Foul Ball, location: 2F 0-2: Ball 1-2: Foul Ball, location: 2F 1-2: Strikes out swinging
|
| Top of the 8th over - 0 runs, 0 hits, 0 errors, 0 left on base; Greensboro 1 - Great Lakes 5 |
| BOTTOM OF THE 8TH |
|
Great Lakes Loons batting - Pitching for Greensboro Grasshoppers : LHP Melvin Castro
|
|
Pitching: RHP James Bitner
|
|
|
Batting: RHB Roberto Monzon
|
0-0: Called Strike 0-1: Called Strike 0-2: Foul Ball, location: 2F 0-2: Ball 1-2: Ball 2-2: Ball 3-2: Foul Ball, location: 2F 3-2: Base on Balls
|
|
Batting: LHB Jay Fenderson
|
0-0: Foul Ball, location: 2F 0-1: Fly out, F8 (Flyball, 8LS, EV 76.2 MPH)
|
|
Batting: LHB Enrique Andrade
|
0-0: Called Strike 0-1: Swinging Strike 0-2: Fielders Choice at 2nd, 6-4 (Groundball, 6MS, EV 85.0 MPH)
|
|
Batting: SHB Todd Hewitt
|
0-0: Called Strike Enrique Andrade is caught stealing 2nd base 2-6
|
| Bottom of the 8th over - 0 runs, 0 hits, 0 errors, 0 left on base; Greensboro 1 - Great Lakes 5 |
| TOP OF THE 9TH |
|
Greensboro Grasshoppers batting - Pitching for Great Lakes Loons : RHP Adam Bucci
|
|
Batting: RHB Miguel Velasco
|
0-0: Called Strike 0-1: Ball 1-1: Called Strike 1-2: Ground out 1-3 (Groundball, P, EV 69.4 MPH)
|
|
Batting: LHB Ryan Thompson
|
0-0: Ball 1-0: Ball 2-0: Foul Ball, location: 2F 2-1: Ball 3-1: Foul Ball, location: 2F 3-2: Base on Balls
|
|
Batting: RHB Jason Thrash
|
0-0: Ball 1-0: Called Strike 1-1: Ball 2-1: Called Strike 2-2: Strikes out looking
|
|
Batting: RHB J.D. Vander Klok
|
0-0: Called Strike 0-1: Ball 1-1: DOUBLE (Line Drive, 89D, EV 104.4 MPH) Ryan Thompson to third
|
|
Pitching: RHP Angel Rivas
|
|
|
Batting: RHB Hiromitsu Yamada
|
0-0: Ball 1-0: Ball 2-0: Foul Ball, location: 2F 2-1: Called Strike 2-2: Ball 3-2: Foul Ball, location: 2F 3-2: Foul Ball, location: 2F 3-2: Strikes out swinging
|
| Top of the 9th over - 0 runs, 1 hit, 0 errors, 2 left on base; Greensboro 1 - Great Lakes 5 |
|